[ AOE2 MATCH · #476568435 ]
UnrankedLithuanians vs Huns
[ REPLAY ANALYSIS · EXTRACTED FROM THE RECORDED GAME ]
Feudal
8:55
Castle
19:07
Imperial
—
| APM avg | 32.5 |
| APM peak | 63 |
| eAPM avg | 15.4 |
| Villagers / military | 85 / 52 |
Focus
⚔️ 31.5% · 🌾 68.5%
Knight ×34 · Scorpion ×7 · Monk ×5 · Scout Cavalry ×3 · Spearman ×2 · Mangonel ×1
Feudal
9:24
Castle
20:32
Imperial
—
| APM avg | 49.6 |
| APM peak | 115 |
| eAPM avg | 19.4 |
| Villagers / military | 64 / 95 |
Focus
⚔️ 29.8% · 🌾 70.2%
Cavalry Archer ×80 · Scout Cavalry ×6 · Mangonel ×4 · Monk ×2 · Spearman ×2 · Battering Ram ×1
Feudal
9:56
Castle
23:30
Imperial
—
| APM avg | 33.7 |
| APM peak | 78 |
| eAPM avg | 13.6 |
| Villagers / military | 66 / 95 |
Focus
⚔️ 31.5% · 🌾 68.5%
Huskarl ×42 · Spearman ×23 · Skirmisher ×21 · Scout Cavalry ×8 · Monk ×1
Feudal
9:23
Castle
24:49
Imperial
—
| APM avg | 35.5 |
| APM peak | 73 |
| eAPM avg | 19.8 |
| Villagers / military | 65 / 83 |
Focus
⚔️ 29.8% · 🌾 70.2%
Archer ×56 · Scout Cavalry ×22 · Skirmisher ×3 · Spearman ×2
Match map
Initial resources + every placement click. Lines = walls · curves = elevation contours. ◆ gold · ⬟ stone · ● berries · ✦ relic · ◌ wall gap
Your base· ✓ Closed at 19:07 · 39t walls · 1 gate(s)
firestormy's base· ✓ Closed at 20:32 · 64t walls · 1 gate(s)
tom_rg5's base· Open — 1t gap
dustinlang's base· Open — 1t gap
Smoothed initial terrain · ◌ = detected wall gap · hover for details
Inputs per minute
— manuel-gro - - firestormy
Build order — manuel-gro
First 150 of 179 actions detected
| 0:01 | Create | Villager (Male) |
| 0:02 | Build | House |
| 0:04 | Build | House |
| 0:15 | Create | Villager (Male) |
| 0:15 | Create | Villager (Male) |
| 0:28 | Create | Villager (Male) |
| 0:28 | Create | Villager (Male) |
| 0:31 | Create | Villager (Male) |
| 1:16 | Create | Villager (Male) |
| 1:47 | Create | Villager (Male) |
| 1:50 | Build | Lumber Camp |
| 2:26 | Create | Villager (Male) |
| 2:56 | Create | Villager (Male) |
| 3:11 | Create | Villager (Male) |
| 3:36 | Build | House |
| 4:35 | Build | Mill |
| 4:39 | Create | Villager (Male) |
| 4:40 | Create | Villager (Male) |
| 4:40 | Create | Villager (Male) |
| 4:51 | Create | Villager (Male) |
| 6:06 | Create | Villager (Male) |
| 6:10 | Create | Villager (Male) |
| 6:39 | Research | Feudal Age |
| 7:04 | Build | House |
| 7:36 | Build | Barracks |
| 7:43 | Research | Loom |
| 8:30 | Build | Palisade Gate |
| 8:34 | Build | Palisade Wall |
| 8:55 | Age | Feudal Age |
| 9:01 | Build | Stable |
| 9:04 | Build | Palisade Wall |
| 9:07 | Build | Palisade Wall |
| 9:09 | Research | Double-Bit Axe |
| 9:14 | Build | Palisade Wall |
| 9:20 | Build | Palisade Wall |
| 9:21 | Create | Villager (Male) |
| 9:22 | Create | Villager (Male) |
| 9:26 | Build | Farm |
| 9:27 | Build | Farm |
| 9:35 | Build | Farm |
| 9:47 | Build | House |
| 9:50 | Create | Villager (Male) |
| 9:59 | Build | Palisade Wall |
| 10:01 | Create | Scout Cavalry |
| 10:03 | Create | Villager (Male) |
| 10:06 | Build | Farm |
| 10:23 | Build | Farm |
| 10:35 | Create | Villager (Male) |
| 10:39 | Build | Farm |
| 10:45 | Create | Villager (Male) |
| 11:07 | Build | House |
| 11:11 | Build | Palisade Wall |
| 11:15 | Create | Villager (Male) |
| 11:18 | Build | Farm |
| 11:20 | Build | Farm |
| 11:23 | Create | Spearman |
| 11:37 | Create | Villager (Male) |
| 12:05 | Create | Villager (Male) |
| 12:07 | Build | House |
| 12:09 | Build | House |
| 12:22 | Build | Farm |
| 12:22 | Build | Farm |
| 12:25 | Create | Villager (Male) |
| 12:35 | Create | Villager (Male) |
| 13:01 | Build | Palisade Wall |
| 13:02 | Create | Villager (Male) |
| 13:05 | Build | Farm |
| 13:15 | Build | Farm |
| 13:17 | Build | Farm |
| 13:48 | Create | Villager (Male) |
| 14:11 | Build | Mining Camp |
| 14:22 | Create | Villager (Male) |
| 14:46 | Create | Scout Cavalry |
| 14:46 | Create | Scout Cavalry |
| 14:48 | Create | Villager (Male) |
| 15:03 | Build | Blacksmith |
| 15:08 | Build | Palisade Wall |
| 15:15 | Create | Villager (Male) |
| 15:20 | Build | Farm |
| 15:58 | Build | Farm |
| 16:00 | Build | Farm |
| 16:27 | Research | Castle Age |
| 16:49 | Build | Stable |
| 16:56 | Research | Gold Mining |
| 17:01 | Research | Horse Collar |
| 17:23 | Create | Spearman |
| 18:10 | Build | Farm |
| 18:13 | Research | Bloodlines |
| 18:17 | Build | House |
| 18:41 | Research | Scale Barding Armor |
| 19:07 | Age | Castle Age |
| 19:10 | Create | Knight ×2 |
| 19:14 | Build | Monastery |
| 19:21 | Create | Villager (Male) |
| 19:21 | Create | Villager (Male) |
| 19:25 | Build | House |
| 19:27 | Build | Palisade Wall |
| 19:32 | Build | House |
| 19:34 | Build | House |
| 20:07 | Create | Villager (Male) ×5 |
| 20:09 | Create | Knight |
| 20:33 | Build | Farm |
| 20:46 | Build | Farm |
| 20:54 | Create | Monk |
| 21:08 | Build | Palisade Gate |
| 21:27 | Build | Palisade Wall |
| 22:01 | Create | Villager (Male) |
| 22:04 | Create | Knight |
| 22:26 | Create | Villager (Male) |
| 22:28 | Research | Bow Saw |
| 22:54 | Create | Villager (Male) |
| 22:54 | Create | Villager (Male) |
| 23:18 | Create | Villager (Male) |
| 23:31 | Create | Monk |
| 24:00 | Create | Villager (Male) |
| 24:00 | Create | Villager (Male) |
| 24:07 | Research | Chain Barding Armor |
| 24:30 | Create | Knight |
| 24:31 | Research | Husbandry |
| 24:34 | Create | Villager (Male) |
| 24:34 | Create | Villager (Male) |
| 24:47 | Build | Town Center |
| 25:06 | Create | Villager (Male) ×5 |
| 25:08 | Create | Knight |
| 25:48 | Build | Lumber Camp |
| 25:59 | Build | Siege Workshop |
| 26:12 | Research | Fletching |
| 26:17 | Create | Monk |
| 26:30 | Build | House |
| 26:32 | Build | Palisade Wall |
| 26:35 | Build | House |
| 26:50 | Create | Knight ×2 |
| 26:50 | Create | Knight ×2 |
| 26:51 | Create | Villager (Male) ×5 |
| 27:09 | Create | Knight |
| 27:23 | Create | Monk |
| 27:47 | Create | Knight |
| 28:06 | Create | Knight |
| 28:08 | Create | Villager (Male) |
| 28:25 | Build | Lumber Camp |
| 28:27 | Create | Scorpion |
| 28:28 | Create | Scorpion |
| 29:14 | Create | Monk |
| 29:26 | Build | House |
| 29:30 | Build | House |
| 29:34 | Create | Scorpion |
| 29:43 | Create | Knight ×3 |
| 29:43 | Create | Knight ×4 |
| 29:50 | Create | Villager (Male) ×4 |
| 30:34 | Build | Farm |
Build order — firestormy
First 150 of 224 actions detected
| 0:01 | Create | Villager (Male) |
| 0:02 | Create | Villager (Male) |
| 0:10 | Create | Villager (Male) |
| 0:10 | Create | Villager (Male) |
| 0:10 | Create | Villager (Male) |
| 1:16 | Create | Villager (Male) |
| 1:45 | Create | Villager (Male) |
| 1:45 | Create | Villager (Male) |
| 1:58 | Build | Lumber Camp |
| 2:13 | Create | Villager (Male) |
| 2:43 | Create | Villager (Male) |
| 2:48 | Create | Villager (Male) |
| 2:48 | Create | Villager (Male) |
| 3:25 | Create | Villager (Male) |
| 3:25 | Create | Villager (Male) |
| 3:41 | Create | Villager (Male) |
| 3:41 | Create | Villager (Male) |
| 4:31 | Create | Villager (Male) |
| 4:55 | Build | Mill |
| 5:06 | Research | Loom |
| 5:15 | Create | Villager (Male) |
| 5:15 | Create | Villager (Male) |
| 5:15 | Create | Villager (Male) |
| 5:53 | Create | Villager (Male) |
| 6:59 | Build | Palisade Wall |
| 7:14 | Research | Feudal Age |
| 7:52 | Build | Palisade Wall |
| 7:59 | Build | Barracks |
| 9:00 | Create | Villager (Male) |
| 9:16 | Build | Palisade Wall |
| 9:24 | Age | Feudal Age |
| 9:29 | Build | Stable |
| 9:35 | Research | Double-Bit Axe |
| 9:42 | Create | Villager (Male) |
| 9:48 | Build | Palisade Wall |
| 9:50 | Build | Palisade Wall |
| 9:52 | Create | Spearman |
| 9:57 | Build | Palisade Wall |
| 10:03 | Build | Palisade Wall |
| 10:05 | Create | Villager (Male) |
| 10:12 | Create | Scout Cavalry |
| 10:12 | Create | Scout Cavalry |
| 10:36 | Build | Palisade Wall |
| 10:39 | Create | Scout Cavalry |
| 10:52 | Build | Palisade Wall |
| 10:58 | Create | Spearman |
| 11:00 | Create | Villager (Male) |
| 11:00 | Create | Villager (Male) |
| 11:21 | Build | Lumber Camp |
| 11:23 | Create | Villager (Male) |
| 11:26 | Create | Scout Cavalry |
| 11:35 | Create | Villager (Male) |
| 12:07 | Create | Villager (Male) |
| 12:08 | Create | Villager (Male) |
| 12:25 | Create | Villager (Male) |
| 12:30 | Build | Farm |
| 12:30 | Build | Farm |
| 12:35 | Build | Farm |
| 12:48 | Build | Palisade Wall |
| 12:57 | Build | Palisade Wall |
| 13:09 | Build | Farm |
| 13:10 | Build | Farm |
| 13:13 | Build | Farm |
| 13:31 | Build | Mining Camp |
| 13:36 | Build | Farm |
| 13:46 | Build | Farm |
| 13:51 | Create | Villager (Male) |
| 14:42 | Create | Villager (Male) |
| 14:42 | Create | Villager (Male) |
| 14:57 | Create | Scout Cavalry |
| 14:58 | Create | Scout Cavalry |
| 15:12 | Create | Villager (Male) |
| 15:20 | Build | Market |
| 15:22 | Build | Farm |
| 15:24 | Build | Farm |
| 15:32 | Create | Villager (Male) |
| 15:42 | Build | Archery Range |
| 15:52 | Create | Villager (Male) |
| 16:06 | Build | Farm |
| 16:07 | Build | Farm |
| 16:46 | Create | Villager (Male) |
| 17:18 | Build | Archery Range |
| 17:52 | Research | Castle Age |
| 18:10 | Build | Archery Range |
| 18:14 | Build | Palisade Gate |
| 18:22 | Research | Bloodlines |
| 18:27 | Research | Horse Collar |
| 18:53 | Build | Blacksmith |
| 19:56 | Research | Fletching |
| 20:32 | Age | Castle Age |
| 20:35 | Create | Cavalry Archer |
| 20:36 | Create | Cavalry Archer |
| 20:36 | Create | Cavalry Archer |
| 20:39 | Research | Bodkin Arrow |
| 20:42 | Research | Husbandry |
| 20:44 | Create | Villager (Male) |
| 20:54 | Create | Cavalry Archer |
| 20:55 | Create | Cavalry Archer |
| 20:55 | Create | Cavalry Archer |
| 21:06 | Create | Villager (Male) |
| 21:06 | Create | Villager (Male) |
| 21:25 | Build | University |
| 21:40 | Create | Cavalry Archer |
| 21:40 | Create | Cavalry Archer |
| 21:41 | Create | Cavalry Archer |
| 21:48 | Research | Padded Archer Armor |
| 21:51 | Research | Bow Saw |
| 21:54 | Create | Cavalry Archer |
| 21:54 | Create | Cavalry Archer |
| 22:06 | Create | Villager (Male) |
| 22:06 | Create | Villager (Male) |
| 22:09 | Create | Cavalry Archer |
| 22:09 | Create | Cavalry Archer |
| 22:27 | Build | Palisade Wall |
| 22:47 | Create | Villager (Male) |
| 22:47 | Create | Villager (Male) |
| 22:59 | Create | Cavalry Archer |
| 22:59 | Create | Cavalry Archer |
| 22:59 | Create | Cavalry Archer |
| 23:10 | Build | Farm |
| 23:11 | Build | Farm |
| 23:30 | Create | Cavalry Archer |
| 23:30 | Create | Cavalry Archer |
| 23:56 | Create | Cavalry Archer |
| 23:56 | Create | Cavalry Archer |
| 23:56 | Create | Cavalry Archer |
| 23:57 | Create | Villager (Male) |
| 23:57 | Create | Villager (Male) |
| 24:22 | Create | Cavalry Archer |
| 24:22 | Create | Cavalry Archer |
| 24:35 | Create | Villager (Male) |
| 24:35 | Create | Villager (Male) |
| 24:36 | Create | Cavalry Archer |
| 24:36 | Create | Cavalry Archer |
| 24:48 | Research | Ballistics |
| 24:59 | Research | Horse Collar |
| 25:05 | Create | Cavalry Archer |
| 25:05 | Create | Cavalry Archer |
| 25:06 | Create | Cavalry Archer |
| 25:34 | Build | Market |
| 25:59 | Create | Villager (Male) |
| 26:05 | Create | Cavalry Archer |
| 26:05 | Create | Cavalry Archer |
| 26:09 | Build | Palisade Wall |
| 26:18 | Create | Villager (Male) |
| 26:25 | Create | Cavalry Archer |
| 26:25 | Create | Cavalry Archer |
| 27:00 | Create | Villager (Male) |
| 27:00 | Create | Villager (Male) |
| 27:05 | Create | Cavalry Archer |
Build order — tom_rg5
First 150 of 245 actions detected
| 0:01 | Create | Villager (Male) |
| 0:01 | Create | Villager (Male) |
| 0:02 | Create | Villager (Male) |
| 0:02 | Create | Villager (Male) |
| 0:04 | Build | House |
| 0:06 | Build | House |
| 1:34 | Create | Villager (Male) |
| 1:46 | Build | Lumber Camp |
| 1:50 | Create | Villager (Male) |
| 2:21 | Create | Villager (Male) |
| 2:51 | Create | Villager (Male) |
| 3:06 | Create | Villager (Male) |
| 3:27 | Build | House |
| 3:29 | Build | House |
| 3:33 | Create | Villager (Male) |
| 3:57 | Create | Villager (Male) |
| 4:24 | Build | Mill |
| 4:50 | Create | Villager (Male) |
| 4:50 | Create | Villager (Male) |
| 4:51 | Create | Villager (Male) |
| 5:36 | Create | Villager (Male) |
| 6:09 | Create | Villager (Male) |
| 6:49 | Create | Villager (Male) |
| 6:57 | Create | Villager (Male) |
| 7:00 | Build | Lumber Camp |
| 7:07 | Create | Villager (Male) |
| 7:07 | Research | Loom |
| 7:44 | Research | Feudal Age |
| 8:15 | Build | Barracks |
| 9:14 | Build | House |
| 9:35 | Create | Villager (Male) |
| 9:36 | Create | Villager (Male) |
| 9:49 | Build | House |
| 9:56 | Age | Feudal Age |
| 10:01 | Build | Stable |
| 10:15 | Create | Villager (Male) |
| 10:21 | Research | Double-Bit Axe |
| 10:23 | Research | Horse Collar |
| 10:31 | Build | Farm |
| 10:54 | Create | Villager (Male) |
| 11:09 | Build | Blacksmith |
| 11:22 | Create | Scout Cavalry |
| 11:33 | Build | Palisade Gate |
| 11:37 | Create | Villager (Male) |
| 11:37 | Create | Villager (Male) |
| 11:53 | Create | Villager (Male) |
| 11:56 | Build | Farm |
| 11:57 | Build | Farm |
| 12:00 | Build | Farm |
| 12:15 | Create | Villager (Male) |
| 12:22 | Create | Scout Cavalry |
| 12:30 | Create | Scout Cavalry |
| 12:33 | Create | Villager (Male) |
| 12:46 | Build | Farm |
| 12:48 | Build | Farm |
| 12:51 | Create | Villager (Male) |
| 13:22 | Build | Farm |
| 13:24 | Build | Mining Camp |
| 13:26 | Create | Villager (Male) |
| 13:35 | Build | House |
| 13:37 | Build | House |
| 13:38 | Build | House |
| 13:39 | Create | Villager (Male) |
| 14:02 | Build | Farm |
| 14:04 | Create | Villager (Male) |
| 14:22 | Create | Villager (Male) |
| 14:25 | Create | Scout Cavalry |
| 14:25 | Create | Scout Cavalry |
| 14:50 | Create | Villager (Male) |
| 14:52 | Create | Scout Cavalry |
| 15:32 | Research | Forging |
| 15:34 | Build | House |
| 15:35 | Build | House |
| 15:36 | Create | Villager (Male) |
| 15:37 | Create | Villager (Male) |
| 15:56 | Create | Scout Cavalry |
| 15:56 | Create | Scout Cavalry |
| 15:58 | Create | Villager (Male) |
| 16:04 | Build | Market |
| 16:06 | Create | Villager (Male) |
| 16:20 | Build | Farm |
| 16:21 | Build | Farm |
| 16:22 | Build | Farm |
| 16:25 | Build | Farm |
| 16:35 | Build | Archery Range |
| 17:11 | Create | Villager (Male) |
| 17:15 | Build | Farm |
| 17:17 | Build | Farm |
| 17:19 | Build | Farm |
| 17:22 | Create | Skirmisher |
| 17:22 | Create | Skirmisher |
| 17:22 | Create | Skirmisher |
| 17:22 | Create | Skirmisher |
| 17:25 | Build | House |
| 17:28 | Build | House |
| 17:50 | Build | House |
| 17:56 | Create | Spearman |
| 18:21 | Build | House |
| 18:24 | Create | Villager (Male) |
| 18:25 | Create | Villager (Male) |
| 18:27 | Build | House |
| 18:37 | Build | House |
| 18:40 | Build | House |
| 19:08 | Create | Villager (Male) |
| 19:14 | Build | House |
| 19:15 | Build | House |
| 19:17 | Build | House |
| 19:17 | Build | House |
| 19:43 | Research | Padded Archer Armor |
| 19:49 | Build | House |
| 20:36 | Create | Skirmisher |
| 20:36 | Create | Skirmisher |
| 20:36 | Create | Skirmisher |
| 20:37 | Create | Skirmisher |
| 20:44 | Build | Farm |
| 20:50 | Research | Castle Age |
| 21:01 | Build | House |
| 21:16 | Create | Skirmisher |
| 21:16 | Create | Skirmisher |
| 21:20 | Create | Spearman |
| 21:20 | Create | Spearman |
| 21:28 | Research | Fletching |
| 21:40 | Build | Archery Range |
| 22:28 | Build | Barracks |
| 22:30 | Create | Skirmisher |
| 22:31 | Create | Skirmisher |
| 22:39 | Create | Villager (Male) |
| 22:40 | Create | Villager (Male) |
| 22:49 | Build | House |
| 23:26 | Build | Mining Camp |
| 23:30 | Age | Castle Age |
| 23:33 | Research | Elite Skirmisher (upgrade) |
| 23:45 | Build | Palisade Wall |
| 23:54 | Research | Leather Archer Armor |
| 23:58 | Create | Spearman |
| 23:59 | Research | Pikeman (upgrade) |
| 23:59 | Research | Pikeman (upgrade) |
| 24:00 | Create | Spearman |
| 24:01 | Create | Spearman |
| 24:26 | Create | Spearman |
| 24:26 | Create | Spearman |
| 24:26 | Create | Spearman |
| 24:26 | Create | Spearman |
| 24:36 | Build | Farm |
| 24:37 | Build | Farm |
| 24:39 | Create | Villager (Male) |
| 24:39 | Create | Villager (Male) |
| 24:39 | Create | Villager (Male) |
| 24:48 | Build | House |
| 24:49 | Build | House |
Build order — dustinlang
First 150 of 192 actions detected
| 0:03 | Build | House |
| 0:04 | Build | House |
| 0:05 | Create | Villager (Male) |
| 0:05 | Create | Villager (Male) |
| 0:05 | Create | Villager (Male) |
| 0:21 | Create | Villager (Male) |
| 1:33 | Create | Villager (Male) |
| 1:54 | Build | Lumber Camp |
| 1:57 | Create | Villager (Male) |
| 2:20 | Create | Villager (Male) |
| 2:48 | Create | Villager (Male) |
| 2:48 | Create | Villager (Male) |
| 3:15 | Build | House |
| 3:18 | Create | Villager (Male) |
| 3:52 | Create | Villager (Male) |
| 3:53 | Create | Villager (Male) |
| 3:53 | Create | Villager (Male) |
| 4:27 | Build | Mill |
| 4:38 | Create | Villager (Male) |
| 4:38 | Create | Villager (Male) |
| 4:39 | Create | Villager (Male) |
| 4:39 | Create | Villager (Male) |
| 5:09 | Create | Villager (Male) |
| 5:44 | Research | Loom |
| 6:13 | Create | Villager (Male) |
| 6:41 | Create | Villager (Male) |
| 7:11 | Research | Feudal Age |
| 8:03 | Build | Barracks |
| 8:09 | Build | Palisade Wall |
| 8:17 | Create | Villager (Male) |
| 8:17 | Create | Villager (Male) |
| 8:27 | Build | House |
| 8:32 | Create | Villager (Male) |
| 8:49 | Build | Mining Camp |
| 9:00 | Build | Palisade Wall |
| 9:10 | Create | Villager (Male) |
| 9:23 | Age | Feudal Age |
| 9:54 | Build | Archery Range |
| 9:56 | Build | Palisade Wall |
| 10:04 | Create | Villager (Male) |
| 10:24 | Create | Villager (Male) |
| 10:31 | Research | Double-Bit Axe |
| 10:39 | Create | Villager (Male) |
| 11:01 | Build | House |
| 11:06 | Create | Archer |
| 11:06 | Create | Archer |
| 11:06 | Create | Archer |
| 11:20 | Build | House |
| 11:27 | Build | House |
| 11:28 | Build | House |
| 11:30 | Build | Palisade Wall |
| 11:37 | Create | Villager (Male) |
| 11:54 | Build | Farm |
| 11:59 | Create | Archer |
| 12:11 | Build | Farm |
| 12:22 | Build | Palisade Wall |
| 12:29 | Build | House |
| 12:30 | Build | Palisade Wall |
| 12:32 | Build | Palisade Wall |
| 12:40 | Create | Villager (Male) |
| 12:49 | Create | Villager (Male) |
| 12:53 | Create | Archer |
| 13:05 | Build | Blacksmith |
| 13:08 | Create | Archer |
| 13:12 | Build | Farm |
| 13:17 | Create | Villager (Male) |
| 13:17 | Create | Villager (Male) |
| 13:17 | Create | Villager (Male) |
| 13:33 | Build | Farm |
| 13:37 | Build | Palisade Wall |
| 13:50 | Build | Palisade Gate |
| 13:57 | Create | Archer |
| 14:02 | Research | Fletching |
| 14:35 | Create | Villager (Male) |
| 14:35 | Create | Villager (Male) |
| 14:47 | Build | Palisade Wall |
| 14:58 | Build | House |
| 14:59 | Build | House |
| 15:28 | Build | Farm |
| 15:33 | Create | Archer ×5 |
| 15:33 | Create | Archer ×5 |
| 15:39 | Create | Spearman |
| 15:40 | Create | Spearman |
| 15:53 | Build | Farm |
| 15:53 | Build | Farm |
| 15:53 | Build | Farm |
| 16:04 | Build | House |
| 16:06 | Build | Palisade Wall |
| 16:11 | Build | House |
| 16:24 | Create | Villager (Male) |
| 16:25 | Create | Villager (Male) |
| 16:25 | Create | Villager (Male) |
| 16:25 | Create | Villager (Male) |
| 17:08 | Build | Palisade Wall |
| 17:14 | Create | Villager (Male) |
| 17:16 | Build | Farm |
| 17:33 | Build | Farm |
| 17:38 | Build | Farm |
| 17:39 | Build | Farm |
| 17:39 | Build | Farm |
| 17:50 | Build | Farm |
| 17:55 | Create | Villager (Male) |
| 18:02 | Build | Farm |
| 18:06 | Create | Archer |
| 18:29 | Build | Farm |
| 18:42 | Create | Villager (Male) |
| 18:42 | Create | Villager (Male) |
| 18:42 | Create | Villager (Male) |
| 18:42 | Create | Villager (Male) |
| 19:16 | Build | Archery Range |
| 19:23 | Research | Padded Archer Armor |
| 19:49 | Create | Villager (Male) |
| 19:49 | Create | Villager (Male) |
| 19:56 | Build | Farm |
| 19:57 | Build | Farm |
| 19:57 | Build | Farm |
| 20:27 | Create | Villager (Male) |
| 20:30 | Build | Farm |
| 20:42 | Build | Market |
| 20:59 | Build | House |
| 21:02 | Create | Villager (Male) |
| 21:40 | Build | Stable |
| 21:48 | Create | Villager (Male) |
| 22:09 | Research | Castle Age |
| 22:09 | Research | Castle Age |
| 22:14 | Build | Farm |
| 22:26 | Create | Archer |
| 23:02 | Research | Scale Barding Armor |
| 23:18 | Build | Farm |
| 23:31 | Create | Archer ×5 |
| 23:31 | Create | Archer ×5 |
| 23:31 | Create | Archer ×2 |
| 24:02 | Create | Archer ×4 |
| 24:03 | Create | Villager (Male) |
| 24:04 | Create | Villager (Male) |
| 24:18 | Create | Scout Cavalry |
| 24:18 | Create | Scout Cavalry |
| 24:19 | Create | Scout Cavalry |
| 24:19 | Create | Scout Cavalry |
| 24:23 | Research | Forging |
| 24:43 | Build | Archery Range |
| 24:49 | Age | Castle Age |
| 24:53 | Research | Crossbowman (upgrade) |
| 24:55 | Research | Bodkin Arrow |
| 24:56 | Create | Archer ×5 |
| 24:57 | Create | Archer ×5 |
| 25:00 | Create | Villager (Male) |
| 25:01 | Create | Villager (Male) |
| 25:01 | Create | Villager (Male) |
| 25:20 | Research | Bow Saw |
Match timeline
| 6:59 | firestormy · wall_segment Palisade Wall x6 |
| 7:36 | manuel-gro · first_building Barracks |
| 7:52 | firestormy · wall_segment Palisade Wall x1 |
| 7:59 | firestormy · first_building Barracks |
| 8:03 | dustinlang · first_building Barracks |
| 8:09 | dustinlang · wall_segment Palisade Wall x2 |
| 8:15 | tom_rg5 · first_building Barracks |
| 8:34 | manuel-gro · wall_segment Palisade Wall x1 |
| 8:55 | manuel-gro · age_up feudal |
| 9:00 | dustinlang · wall_segment Palisade Wall x4 |
| 9:01 | manuel-gro · first_building Stable |
| 9:04 | manuel-gro · wall_segment Palisade Wall x1 |
| 9:07 | manuel-gro · wall_segment Palisade Wall x4 |
| 9:14 | manuel-gro · wall_segment Palisade Wall x2 |
| 9:16 | firestormy · wall_segment Palisade Wall x11 |
| 9:20 | manuel-gro · wall_segment Palisade Wall x10 |
| 9:23 | dustinlang · age_up feudal |
| 9:24 | firestormy · age_up feudal |
| 9:29 | firestormy · first_building Stable |
| 9:48 | firestormy · wall_segment Palisade Wall x5 |
| 9:50 | firestormy · wall_segment Palisade Wall x1 |
| 9:54 | dustinlang · first_building Archery Range |
| 9:56 | dustinlang · wall_segment Palisade Wall x1 |
| 9:56 | tom_rg5 · age_up feudal |
| 9:57 | firestormy · wall_segment Palisade Wall x16 |
| 9:59 | manuel-gro · wall_segment Palisade Wall x8 |
| 10:01 | tom_rg5 · first_building Stable |
| 10:03 | firestormy · wall_segment Palisade Wall x4 |
| 10:36 | firestormy · wall_segment Palisade Wall x4 |
| 10:52 | firestormy · wall_segment Palisade Wall x15 |
| 11:11 | manuel-gro · wall_segment Palisade Wall x8 |
| 11:30 | dustinlang · wall_segment Palisade Wall x3 |
| 12:22 | dustinlang · wall_segment Palisade Wall x8 |
| 12:30 | dustinlang · wall_segment Palisade Wall x4 |
| 12:32 | dustinlang · wall_segment Palisade Wall x5 |
| 12:48 | firestormy · wall_segment Palisade Wall x1 |
| 12:57 | firestormy · wall_segment Palisade Wall x1 |
| 13:01 | manuel-gro · wall_segment Palisade Wall x4 |
| 13:37 | dustinlang · wall_segment Palisade Wall x7 |
| 14:47 | dustinlang · wall_segment Palisade Wall x2 |
| 15:08 | manuel-gro · wall_segment Palisade Wall x1 |
| 15:42 | firestormy · first_building Archery Range |
| 16:03 | firestormy · first_market_sell 500 stone |
| 16:06 | dustinlang · wall_segment Palisade Wall x1 |
| 16:35 | tom_rg5 · first_building Archery Range |
| 16:38 | firestormy · first_market_buy 100 food |
| 17:08 | dustinlang · wall_segment Palisade Wall x1 |
| 19:07 | manuel-gro · age_up castle |
| 19:14 | manuel-gro · first_building Monastery |
| 19:27 | manuel-gro · wall_segment Palisade Wall x1 |
| 20:32 | firestormy · age_up castle |
| 20:48 | tom_rg5 · first_market_buy 100 food |
| 21:27 | manuel-gro · wall_segment Palisade Wall x1 |
| 21:40 | dustinlang · first_building Stable |
| 22:27 | firestormy · wall_segment Palisade Wall x1 |
| 23:30 | tom_rg5 · age_up castle |
| 23:45 | tom_rg5 · wall_segment Palisade Wall x4 |
| 24:49 | dustinlang · age_up castle |
| 25:59 | manuel-gro · first_building Siege Workshop |
| 26:09 | firestormy · wall_segment Palisade Wall x1 |
| 26:32 | manuel-gro · wall_segment Palisade Wall x1 |
| 26:41 | tom_rg5 · first_building Monastery |
| 28:15 | firestormy · first_building Siege Workshop |
| 29:17 | tom_rg5 · first_building Castle |
| 29:35 | firestormy · first_building Monastery |
| 31:12 | dustinlang · resign |
| 32:56 | firestormy · wall_segment Palisade Wall x1 |
| 35:15 | firestormy · wall_segment Palisade Wall x1 |
[ AI ANALYSIS · 1 CREDIT ]
What really happened in this match?
Wolo.gg analyzes every decision: build order, eco, micro, common mistakes by bracket. Personalized analysis on WhatsApp or Discord in 30 seconds.
Civ guide
Lithuanians
Perfil
manuel-gro